AoeStats
← Barón de la Cerveza

Arabia

504128834Analyzed
1v1 RM · 1mo ago on Sep 4, 2026· 32m 9s· 2 players
Game mode
Random Map
Map size
Tiny (2 player)
Population
200
Speed
Normal
Resources
Standard
Victory
Conquest
Starting age
Dark Age
Ending age
Imperial Age
RankedLock teamsTeams togetherTeam positionsShared explorationLock speedFull tech treeHidden civsTurbo modeCheats
Victory
Defeat
🇨🇱 Koreans · Chile
1718
+19
🇲🇽 Sicilians · Mexico
1781
-19
Barón de la Cerveza
6:24 Loom
9:13 Feudal Age
9:48 Town Watch
17:17 Double-Bit Axe
19:03 Fletching
21:48 Padded Archer Armor
27:33 Castle Age
32:10 Bow Saw
[CL] Dubstepyzed
6:57 Loom
9:30 Feudal Age
10:05 Double-Bit Axe
14:24 Fletching
17:04 Town Watch
19:26 Wheelbarrow
26:05 Castle Age
24:12 Horse Collar
24:47 Gold Mining
26:07 Crossbowman
26:43 Bodkin Arrow
27:50 Ballistics
28:16 Bow Saw
29:28 Heavy Plow
29:22 Treadmill Crane
30:12 Hand Cart
31:30 Stone Mining
Connection lost

Rejoining the realm…

Still unreachable

The connection could not be restored.

Session expired

The server has moved on; the page needs a fresh start.